 Dungeon Crawl Stone Soup version 0.31-a0-986-g5e6e4ef867 (webtiles) character file.

Game seed: 14445821857014592865

395 ffff the Cudgeller (level 6, 0/55 HPs)
             Began as a Minotaur Fighter on Nov 9, 2023.
             Was a Follower of Trog.
             Slain by a gnoll bouda
             ... wielding a +0 club
              (1 damage)
             ... on level 5 of the Dungeon.
             The game lasted 00:06:18 (2600 turns).

ffff the Cudgeller (Minotaur Fighter)               Turns: 2600, Time: 00:06:19

Health: 0/55       AC: 10    Str: 22    XL:     6   Next: 52%
Magic:  5/5        EV: 10    Int:  5    God:    Trog [*.....]
Gold:   123        SH:  6    Dex: 10    Spells: 5/5 levels left

rFire   + . .        a - +0 flail
rCold   x . .        q - +2 buckler
rNeg    . . .        b - +0 scale mail
rPois   .            (helmet restricted)
rElec   .            i - +2 cloak
rCorr   .            (no gloves)
SInv    .            (no boots)
Will    .....        (no amulet) Stlth
                     m - ring of fire
HPRegen 0.29/turn    (no ring)
MPRegen 0.09/turn

%: no passive effects
@: weakened
A: horns 2, retaliatory headbutt
a: Renounce Religion, Berserk


You were on level 5 of the Dungeon.
You worshipped Trog.
Trog was aware of your devotion.
You visited 1 branch of the dungeon, and saw 5 of its levels.

You collected 123 gold pieces.

Inventory:

Hand Weapons
 a - a +0 flail (weapon)
Armour
 b - a +0 scale mail (worn)
 c - a +0 buckler
 h - a scarf of repulsion
 i - a +2 cloak (worn)
 q - a +2 buckler (worn)
Jewellery
 m - a ring of fire (left hand)
Wands
 p - a wand of flame (28)
Scrolls
 e - 3 scrolls of teleportation {unknown}
 f - a scroll of fear {unknown}
 g - a scroll of summoning {unknown}
 k - a scroll of identify {unknown}
 l - 2 scrolls of revelation {unknown}
Potions
 d - 2 potions of might
 j - a potion of haste {unknown}
 n - 2 potions of mutation {unknown}
 o - a potion of degeneration {unknown}


   Skills:
 + Level 4.9 Fighting
 + Level 5.5 Maces & Flails
 + Level 5.3 Armour
 + Level 1.6 Dodging
 + Level 0.8 Stealth
 + Level 4.4 Shields


You had 5 spell levels left.
You didn't know any spells.
Your spell library was empty.

Dungeon Overview and Level Annotations

Branches:
Dungeon (5/15)
 Temple: D:4-7

Altars:
Nemelex Xobeh
Ru
Trog


Innate Abilities, Weirdness & Mutations

You have a pair of horns on your head.
You reflexively headbutt those who attack you in melee.


Message History

The gnoll hits you from afar with a +0 halberd.
The gnoll completely misses you.
The gnoll bouda attacks as it pursues you!
You block the gnoll bouda's attack.
Unknown command.
You block the gnoll's attack.
You sock the gnoll! You headbutt the gnoll.
You kill the gnoll!
Trog accepts your kill.
Unknown command.
Unknown command.
Unknown command.
Unknown command.
Unknown command.
Unknown command.
Unknown command.
You barely miss the gnoll.
The gnoll is severely wounded.
Your attacks no longer feel as feeble.
You block the gnoll's attack. The gnoll hits you but does no damage.
The gnoll barely misses you.
You closely miss the gnoll bouda. The gnoll hits you but does no damage.
You hit the gnoll bouda but do no damage.
The gnoll bouda gazes fiercely through you!
You feel your attacks grow feeble.
The gnoll bouda hits you with a +0 club.
The gnoll hits you from afar with a +0 halberd.
* * * LOW HITPOINT WARNING * * *
You hit the gnoll bouda but do no damage.
The gnoll is no longer moving quickly. x2
The gnoll bouda barks out a call to the hunt!
The gnolls pick up the pace!
The gnoll hits you from afar with a +0 halberd.
* * * LOW HITPOINT WARNING * * *
The gnoll bouda closely misses you.
You closely miss the gnoll bouda.
The gnoll hits you from afar with a +0 halberd!
* * * LOW HITPOINT WARNING * * *
The gnoll bouda hits you with a +0 club.
You die...

..##.########.....<...#
....... ####...##.#
....#..# ########.##
..##.#............# ..#
.#...#######..# .. ...
....# #g.##...# ..#
...# #gg.g..# #g#g#.#.#
#@#.# .# #.......#. ..
.'.###.#..## . .# #.#
## .# .# #


You could see a gnoll bouda and 3 gnolls.

Vanquished Creatures
  2 hounds
  3 jellies
  2 iguanas
  3 orc wizards (D:4)
  A gnoll (D:5)
  4 adders
  2 worms
  2 dart slugs
  6 orcs
  7 ball pythons
  8 endoplasms
  4 giant cockroaches
  5 goblins
  2 hobgoblins
  2 jackals (D:4)
  5 kobolds
  A quokka (D:2)
  6 bats
  2 frilled lizards (D:1)
  2 rats
69 creatures vanquished.

Notes
Turn   | Place    | Note
-------+----------+-------------------------------------------
     0 | D:1      | ffff the Minotaur Fighter began the quest for the Orb.
     0 | D:1      | Reached XP level 1. HP: 19/19 MP: 0/0
    49 | D:1      | Found a faded altar of an unknown god.
   130 | D:1      | Reached XP level 2. HP: 27/27 MP: 1/1
   803 | D:2      | Reached XP level 3. HP: 33/33 MP: 2/2
   921 | D:2      | Found a bloodstained altar of Trog.
   931 | D:2      | Became a worshipper of Trog the Wrathful
  1498 | D:3      | Reached XP level 4. HP: 40/40 MP: 3/3
  1529 | D:3      | You fall into a shaft and drop 1 floor!
  1673 | D:4      | Reached XP level 5. HP: 47/47 MP: 4/4
  1690 | D:4      | Reached skill level 1 in Dodging
  1791 | D:4      | Reached skill level 5 in Armour
  1793 | D:4      | Reached * piety under Trog
  1920 | D:4      | Reached skill level 5 in Maces & Flails
  1920 | D:4      | Reached XP level 6. HP: 47/55 MP: 5/5
  2095 | D:4      | Found a sacrificial altar of Ru.
  2107 | D:4      | Found a sparkling altar of Nemelex Xobeh.
  2499 | D:5      | Entered Level 5 of the Dungeon
  2600 | D:5      | HP: 1/55 [gnoll/+0 halberd[a gnoll bouda] (9)]
  2600 | D:5      | Slain by a gnoll bouda

Illustrated notes

Levels and vault maps discovered:
D:1:      lightli_arrival_farm, layout_basic, ebering_ecumenical_altar_box
D:2:      layout_basic, basic_altar, serial_forest, infiniplex_forest_corner_1,
          infiniplex_forest_clump_cross, infiniplex_forest_end_1,
          infiniplex_forest_clump_small, infiniplex_forest_corner_1,
          infiniplex_forest_lined_1
D:3:      layout_basic, serial_shops, shop, uniq_jessica
D:4:      layout_loops_ring, mainiacjoe_overflow_big_doors
D:5:      layout_loops_ring, mainiacjoe_overflow_surrounded_room,
          grunt_temple_overflow_open, minmay_temple_entry_arrows, serial_shops,
          nicolae_shop_real_fake_doors

Skill      XL: |  1  2  3  4  5 |
---------------+----------------+-----
Armour         | 4 5 |  5.3
Fighting       | 4 |  4.9
Shields        | 4 |  4.4
Maces & Flails | 3 5 |  5.5
Dodging        | 1 |  1.6
Stealth        | |  0.8

Action                     |  1- 3 |  4- 6 || total
---------------------------+-------+-------++-------
  Melee: Flail             |    81 |    94 ||   175
         Headbutt          |     8 |    14 ||    22
 Armour: Scale mail        |    68 |    91 ||   159
  Dodge: Dodged            |    48 |    61 ||   109
         Repelled          |     1 |       ||     1
  Block: Buckler           |    23 |    28 ||    51

Table legend: (Time is in decaauts)
 A = Elapsed time spent in this place.
 B = Non-inter-level travel time spent in this place.
 C = Inter-level travel time spent in this place.
 D = Time resting spent in this place.
 E = Time spent auto-exploring this place.
 F = Levels seen in this place.
 G = Mean time per level.
                   A        B        C        D        E       F      G
               +--------+--------+--------+--------+--------+-----+--------+
         Total |   2661 |   2661 |      0 |      0 |   1710 |   5 |  532.2 |
       Dungeon |   2661 |   2661 |      0 |      0 |   1710 |   5 |  532.2 |
               +--------+--------+--------+--------+--------+-----+--------+

Top non-repeatable levels by time:
     D:4: 983 daAuts
     D:1: 773 daAuts
     D:2: 694 daAuts
     D:3: 106 daAuts
     D:5: 103 daAuts
